 Dungeon Crawl Stone Soup version 0.19.0-9-gfd783f2 (webtiles) character file.

21227 Kullungy the Basher (level 12, -7/113 HPs)
             Began as a Minotaur Fighter on Nov 7, 2016.
             Was an Elder of Makhleb.
             Killed from afar by a storm dragon (23 damage)
             ... with a bolt of lightning
             ... on level 12 of the Dungeon.
             The game lasted 01:08:40 (12661 turns).

Kullungy the Basher (Minotaur Fighter)             Turns: 12661, Time: 01:08:41

Health: -7/113     AC: 21    Str: 24    XL:     12   Next: 52%
Magic:  11/11      EV:  9    Int:  5    God:    Makhleb [****..]
Gold:   597        SH: 13    Dex: 17    Spells: 0 memorised, 11 levels left

rFire  . . .     SeeInvis .     i - +3 flail of Drought {flame, rC- rN++}
rCold  . . .     Gourm    .     e - +0 plate armour
rNeg   + + .     Faith    .     c - +0 shield
rPois  .         Spirit   .     (helmet restricted)
rElec  .         Reflect  .     o - +0 cloak
rCorr  .         Harm     .     R - +2 pair of gloves
MR     .....                    y - +0 pair of boots
Stlth  ..........               O - amulet of regeneration
                                K - +5 ring of dexterity
                                w - ring of protection from cold

@: no status effects
A: retaliatory headbutt, horns 2
a: Minor Destruction, Lesser Servant of Makhleb, Major Destruction, Renounce
Religion


You were on level 12 of the Dungeon.
You worshipped Makhleb.
Makhleb was greatly pleased with you.
You were very full.

You visited 2 branches of the dungeon, and saw 13 of its levels.
You also visited: Sewer.

You collected 765 gold pieces.
You spent 168 gold pieces at shops.

Inventory:

Hand Weapons
 i - the +3 flail of Drought (weapon) {flame, rC- rN++}
   (You found it on level 11 of the Dungeon)

   It has been specially enchanted to burn those struck by it, causing extra
   injury to most foes and up to half again as much damage against particularly
   susceptible opponents.
   It makes you vulnerable to cold.
   It greatly protects you from negative energy.
 T - a +1 flail of crushing
Missiles
 h - 197 arrows
 k - 406 stones (quivered)
 u - 87 poisoned needles
Armour
 c - a +0 shield (worn)
 e - a +0 plate armour (worn)
 o - a +0 cloak (worn)
 y - a +0 pair of boots (worn)
 R - a +2 pair of gloves (worn)
 X - +0 steam dragon scales
Jewellery
 p - an uncursed amulet of faith
 w - a ring of protection from cold (left hand)
 F - the amulet "Baped" {+Rage rElec rF- rN+}
   (You found it on level 5 of the Dungeon)

   [amulet of rage]

   It makes you vulnerable to fire.
   It insulates you from electricity.
   It protects you from negative energy.
   It lets you go berserk.
 K - a +5 ring of dexterity (right hand)
 O - an amulet of regeneration (around neck)
Wands
 a - a wand of polymorph (6/24)
 g - a wand of digging (5/24)
 n - a wand of paralysis (12/24)
 t - a wand of disintegration (13/24)
 A - a wand of flame (5/48)
 I - a wand of lightning (9/15)
 Q - a wand of lightning (7/15)
Scrolls
 b - a scroll of enchant armour
 j - 5 scrolls of recharging
 x - 3 scrolls of amnesia
 z - 2 scrolls of teleportation
 D - 4 scrolls of remove curse
 J - 2 scrolls of magic mapping
 L - a scroll of brand weapon {unknown}
 N - 2 scrolls of blinking
Potions
 l - a potion of brilliance
 m - a potion of berserk rage
 q - 4 potions of heal wounds
 s - 3 potions of haste
 B - a potion of lignification {unknown}
 C - a potion of agility {unknown}
 E - a potion of degeneration
 G - 8 potions of curing
 H - 5 potions of flight
 M - 2 potions of invisibility
 P - a potion of resistance {unknown}
Miscellaneous
 r - a phial of floods
 v - a crystal ball of energy
Comestibles
 f - 5 bread rations
 U - 3 chunks of flesh
 V - 5 meat rations
 Y - 2 slices of pizza
 Z - a royal jelly


   Skills:
 * Level 12.6 Fighting
 + Level 13.9 Maces & Flails
 + Level 11.4 Armour
 + Level 3.7 Dodging
 + Level 12.2 Shields
 + Level 0.6 Invocations


You had 11 spell levels left.
You didn't know any spells.

Dungeon Overview and Level Annotations

Branches:
Dungeon (12/15)            Temple (1/1) D:6            Lair (0/6) D:9
    Orc (0/2) D:9

Altars:
Ashenzari
Cheibriados
Dithmenos
Elyvilon
Fedhas
Gozag
Hepliaklqana
Kikubaaqudgha
Makhleb
Nemelex Xobeh
Okawaru
Qazlal
Ru
Sif Muna
Trog
Uskayaw
Vehumet
Xom
Yredelemnul
Zin
The Shining One

Shops:
D:8 =*[*[   D:11 !


Innate Abilities, Weirdness & Mutations

You reflexively headbutt those who attack you in melee.
You have a pair of horns on your head.


Message History

The war gargoyle is lightly damaged.
The war gargoyle hits you with a flail of protection!
* * * LOW HITPOINT WARNING * * *
You block the storm dragon's attack. x2; The storm dragon closely misses you.
You hit the war gargoyle.
You headbutt the war gargoyle, but do no damage.
The war gargoyle is moderately damaged.
The war gargoyle hits you with a flail of protection!!
* * * LOW HITPOINT WARNING * * *
The crimson imp blinks!
You block the storm dragon's attack.
The storm dragon claws you but does no damage.
You block the storm dragon's attack.
An ettin comes into view. It is wielding two dire flails.
The centaur wields a shortbow.
The centaur shoots an arrow.
The arrow hits you.
* * * LOW HITPOINT WARNING * * *
The war gargoyle launches metal splinters at you.
The spray of metal splinters hits you!
The storm dragon breathes lightning at you.
The bolt of lightning hits you!
You die...

.........§..........)......+
§§.)÷....§..[.....).))%....+
..)..§.....§§§§.....§......#
§≈≈§§≈§≈≈≈≈§§§≈≈≈≈≈≈≈≈....##
######################'†###
≈D≈≈≈≈≈≈≈#.........≈#
c§§≈≈≈≈...#.........≈#
.§c.}}....C#........§≈#
..((C§..§Y9.@.....§§§#
...§§ED.......§≈≈#
.§§...c......≈§≈##
§§....#.....≈≈§≈#
.§.≈§≈#≈≈≈≈§≈≈§§#
≈§§§############# ≈###


You could see a storm dragon, an ettin, a war gargoyle, a yak, a fire elemental
and a centaur.

Vanquished Creatures
  A fire giant (D:11)
  A war gargoyle (D:11)
  An ogre mage (D:11)
  A rakshasa (D:11)
  2 centaur warriors (D:11)
  A deep troll earth mage (D:11)
  The ghost of braks the Scholar of Death, a novice HONe of Kikubaaqudgha (D:8)
  3 unseen horrors
  An orc knight (D:11)
  2 deep elf magi (D:12)
  A manticore (D:11)
  2 ugly things (D:11)
  Psyche (D:8)
  A gargoyle (D:11)
  A kobold demonologist (D:12)
  A komodo dragon (D:12)
  3 trolls
  Prince Ribbit (D:8)
  2 hippogriffs
  A spriggan (D:8)
  A shadow (D:11)
  A fire elemental (D:12)
  13 yaks
  A steam dragon (D:12)
  2 swamp worms (shapeshifter) (D:11)
  2 hell hounds (D:9)
  3 orc warriors
  5 ice beasts
  5 sky beasts
  3 black bears
  2 eyes of draining
  A phantom (D:6)
  5 ogres
  The ghost of newuser the Vexing, an amateur DgEn (D:4)
  4 centaurs
  6 big kobolds
  8 bullfrogs
  A wyvern zombie (D:11)
  3 scorpions
  16 killer bees
  3 wights (D:12)
  3 crimson imps
  2 howler monkeys
  A bullfrog zombie (D:10)
  2 jellies
  2 bullfrog skeletons
  A gnoll shaman (D:4)
  6 hounds
  An orc priest (D:8)
  3 centaur skeletons
  4 worker ants
  3 iguanas
  8 orc wizards
  Natasha (thrice) (D:2)
  A hound zombie (D:8)
  A hound skeleton (D:4)
  4 gnolls (D:4)
  A worker ant zombie (D:11)
  13 adders
  2 river rats (Sewer)
  A shadow imp (D:5)
  2 oozes
  An adder zombie (D:8)
  An adder skeleton (D:7)
  3 worms
  3 dart slugs
  8 leopard geckos
  26 orcs
  2 giant cockroaches
  5 goblins
  10 hobgoblins
  15 jackals
  18 kobolds
  7 quokkas
  2 ball pythons
  8 bats
  3 frilled lizards
  A jackal zombie (D:8)
  9 rats
300 creatures vanquished.

Vanquished Creatures (others)
  An eye of draining (D:12)
  A kobold (D:12)
2 creatures vanquished.

Grand Total: 302 creatures vanquished

Notes
Turn   | Place    | Note
-------+----------+-------------------------------------------
     0 | D:1      | Kullungy the Minotaur Fighter began the quest for the Orb.
     0 | D:1      | Reached XP level 1. HP: 19/19 MP: 0/0
   126 | D:1      | Reached XP level 2. HP: 24/27 MP: 1/1
   843 | D:2      | Reached XP level 3. HP: 33/33 MP: 2/2
   847 | D:2      | Reached skill level 3 in Maces & Flails
   962 | D:2      | Found a sparkling altar of Nemelex Xobeh.
  1078 | D:2      | You fall through a shaft!
  1266 | D:3      | Found a basalt altar of Yredelemnul.
  1467 | D:2      | Reached XP level 4. HP: 35/40 MP: 3/3
  1564 | D:2      | Noticed Natasha
  1570 | D:2      | Killed Natasha
  1580 | D:2      | Noticed Natasha
  1588 | D:2      | Killed Natasha
  1588 | D:2      | Reached skill level 4 in Maces & Flails
  1863 | D:2      | Found a shimmering altar of Xom.
  1966 | D:2      | Noticed Natasha
  1971 | D:2      | Killed Natasha
  1971 | D:2      | Reached XP level 5. HP: 36/47 MP: 4/4
  2262 | D:3      | Found a burning altar of Makhleb.
  2276 | D:3      | Became a worshipper of Makhleb the Destroyer
  2291 | D:3      | Found a hazy altar of Hepliaklqana.
  2626 | D:3      | Found a faded altar of an unknown god.
  3017 | D:4      | Reached skill level 5 in Armour
  3092 | D:4      | Reached XP level 6. HP: 50/55 MP: 5/5
  3098 | D:4      | Reached skill level 5 in Maces & Flails
  3772 | D:4      | Reached skill level 1 in Dodging
  3772 | D:4      | Reached skill level 5 in Shields
  3856 | D:4      | Noticed a sky beast
  3866 | D:4      | Killed a sky beast
  3866 | D:4      | Reached skill level 5 in Fighting
  4069 | D:4      | Noticed newuser's ghost (amateur DgEn)
  4090 | D:4      | Killed newuser's ghost
  4090 | D:4      | Reached XP level 7. HP: 58/61 MP: 6/6
  4134 | D:5      | Entered Level 5 of the Dungeon
  4232 | D:5      | Got a scintillating graven amulet
  4240 | D:5      | Identified the amulet "Baped" {+Rage rElec rF- rN+} (You found it on level 5 of the Dungeon)
  4348 | D:5      | Reached skill level 6 in Maces & Flails
  4478 | D:5      | Found a radiant altar of Vehumet.
  4480 | D:5      | Found a stormy altar of Qazlal.
  4480 | D:5      | Found a white marble altar of Elyvilon.
  4480 | D:5      | Found an ancient bone altar of Kikubaaqudgha.
  4655 | D:5      | Found an iron altar of Okawaru.
  5256 | D:6      | Reached skill level 7 in Maces & Flails
  5294 | D:6      | Reached XP level 8. HP: 70/70 MP: 7/7
  5303 | D:6      | Reached * piety under Makhleb
  5475 | D:6      | Found a shadowy altar of Dithmenos.
  5581 | D:6      | Found a glowing drain.
  5589 | Sewer    | Entered a sewer
  5698 | Sewer    | Found a glowing silver altar of Zin.
  5842 | D:6      | Reached skill level 8 in Maces & Flails
  5997 | D:6      | Noticed a troll
  6007 | D:6      | Killed a troll
  6077 | D:6      | Found a staircase to the Ecumenical Temple.
  6088 | Temple   | Entered the Ecumenical Temple
  7138 | D:7      | Reached XP level 9. HP: 79/79 MP: 8/8
  7356 | D:8      | Found Finuadah's Jewellery Shoppe.
  7650 | D:8      | Noticed Prince Ribbit
  7685 | D:8      | Killed Prince Ribbit
  7685 | D:8      | Reached skill level 9 in Maces & Flails
  7785 | D:8      | Found Kanoyni's Assorted Antiques.
  7855 | D:8      | Noticed Psyche
  7869 | D:8      | Killed Psyche
  8069 | D:8      | Found Jautofi's Antique Armour Shoppe.
  8110 | D:8      | Noticed braks's ghost (novice HONe)
  8126 | D:8      | Killed braks's ghost
  8126 | D:8      | Reached skill level 10 in Maces & Flails
  8127 | D:8      | Reached ** piety under Makhleb
  8214 | D:8      | Found Karch's Antique Armour Emporium.
  8264 | D:8      | Found Pinanum's General Store.
  8579 | D:9      | Reached XP level 10. HP: 91/91 MP: 9/9
  8760 | D:9      | Reached skill level 11 in Maces & Flails
  8947 | D:9      | Found a staircase to the Orcish Mines.
  9155 | D:9      | Found a staircase to the Lair.
  9254 | D:10     | Entered Level 10 of the Dungeon
  9513 | D:10     | Reached *** piety under Makhleb
  9546 | D:10     | Reached skill level 10 in Fighting
  9648 | D:10     | Killed an unseen horror
 10182 | D:10     | Reached XP level 11. HP: 101/101 MP: 10/10
 10189 | D:10     | Reached skill level 12 in Maces & Flails
 10189 | D:10     | Reached skill level 10 in Shields
 10700 | D:11     | Noticed an orc knight
 10703 | D:11     | Noticed an ogre mage
 10719 | D:11     | Paralysed by an ogre mage for 4 turns
 10724 | D:11     | Killed an orc knight
 10727 | D:11     | Killed an ogre mage
 10805 | D:11     | Killed an unseen horror
 10884 | D:11     | Reached skill level 10 in Armour
 10936 | D:11     | Found a white marble altar of Elyvilon.
 11013 | D:11     | Found Gedah's Distillery.
 11031 | D:11     | Bought a potion of heal wounds for 70 gold pieces
 11031 | D:11     | Bought a potion of curing for 42 gold pieces
 11031 | D:11     | Bought a potion of might for 56 gold pieces
 11329 | D:11     | Noticed a centaur warrior
 11340 | D:11     | Killed a centaur warrior
 11509 | D:11     | Noticed a centaur warrior
 11519 | D:11     | Killed a centaur warrior
 11587 | D:11     | Noticed a rakshasa
 11606 | D:11     | Noticed a fire giant
 11614 | D:11     | Noticed a war gargoyle
 11623 | D:11     | Noticed a death drake
 11623 | D:11     | a death drake changed into an elephant
 11626 | D:11     | Noticed a deep troll earth mage
 11634 | D:11     | Killed a deep troll earth mage
 11634 | D:11     | Reached skill level 13 in Maces & Flails
 11635 | D:11     | Reached **** piety under Makhleb
 11640 | D:11     | Killed a war gargoyle
 11651 | D:11     | Killed a fire giant
 11651 | D:11     | Reached XP level 12. HP: 51/112 MP: 11/11
 11681 | D:11     | Got a scorched flail
 11771 | D:11     | Killed a rakshasa
 11775 | D:11     | Identified the +3 flail of Drought {flame, rC- rN++} (You found it on level 11 of the Dungeon)
 12042 | D:11     | Noticed a centaur warrior
 12442 | D:12     | Noticed a war gargoyle
 12447 | D:12     | Noticed an ettin
 12449 | D:12     | Noticed a storm dragon
 12645 | D:12     | Found a runed gate.
 12645 | D:12     | Found a runed gate.
 12645 | D:12     | Found a runed gate.
 12661 | D:12     | Noticed an ettin
 12661 | D:12     | Killed from afar by a storm dragon

Skill      XL: |  1  2  3  4  5  6  7  8  9 10 11 12 |
---------------+-------------------------------------+-----
Fighting       | 4 5 7 9 10 11 12 | 12.6
Shields        | 4 5 7 8 9 11 12 | 12.2
Maces & Flails | 3 4 5 7 8 10 11 13 | 13.9
Armour         | 4 5 6 7 8 9 10 11 | 11.4
Dodging        | 1 2 3 |  3.7
Invocations    | |  0.6

Action                   |  1- 3 |  4- 6 |  7- 9 | 10-12 || total
-------------------------+-------+-------+-------+-------++-------
Melee: Flail             |    15 |       |       |   171 ||   186
       Mace              |    95 |   156 |    28 |       ||   279
       Headbutt          |    11 |    26 |    67 |   135 ||   239
       Morningstar       |       |       |   233 |   357 ||   590
Invok: Minor Destruction |       |       |       |     1 ||     1
  Use: Scroll            |     5 |     4 |     3 |     9 ||    21
       Potion            |       |       |       |     2 ||     2
  Eat: Chunk             |     2 |     1 |     2 |     1 ||     6
       Meat ration       |       |     2 |       |     1 ||     3
       Bread ration      |       |       |     3 |     3 ||     6
Armor: Scale mail        |    23 |       |       |       ||    23
       Chain mail        |    34 |    83 |   122 |   103 ||   342
       Plate armour      |       |       |       |   299 ||   299
Dodge: Dodged            |    28 |    28 |    64 |   218 ||   338
Block: Shield            |    57 |    76 |   140 |   441 ||   714
